 Dungeon Crawl Stone Soup version 0.32-a0-401-g0bcb2a7693 (webtiles) character file.

Game seed: 12136781188347848598

4734 Asfel the Spear-Bearer (level 10, -4/111 HPs)
             Began as a Demonspawn Gladiator on Feb 20, 2024.
             Was an Elder of Okawaru.
             Killed by divine providence
             ... invoked by Jeremiah
              (14 damage)
             ... on level 8 of the Dungeon.
             The game lasted 00:46:01 (7695 turns).

Asfel the Spear-Bearer (Demonspawn Gladiator)       Turns: 7695, Time: 00:46:01

Health: -4/111     AC: 29    Str: 21 (24) XL:     10   Next: 22%
Magic:  10/10      EV:  2    Int:  5      God:    Okawaru [****..]
Gold:   103        SH: 11    Dex: 22 (23) Spells: 9/9 levels left

rFire   . . .        K - +4 spear (protect)
rCold   + . .        l - +1 buckler of Vexation {Int-4 Dex+8}
rNeg    . . .        M - melded +0 plate armour
rPois   +            (helmet unavailable)
rElec   .            (cloak currently unavailable)
rCorr   .            (gloves currently unavailable)
SInv    .            (boots currently unavailable)
Will    .....        L - amulet of faith
Stlth   ++           u - ring of protection from cold
HPRegen 0.38/turn    w - +6 ring of strength
MPRegen 0.12/turn

%: faith
@: tree-form
A: stationary, stasis, torment immunity, boosted hp, (antennae 3), (molten
scales 3), icemail 1, condensation shield, (poison resistance), (cold
vulnerability 1)
a: Renounce Religion, Heroism, Finesse


You were on level 8 of the Dungeon.
You worshipped Okawaru.
Okawaru was greatly pleased with you.
You were a tree.
You visited 1 branch of the dungeon, and saw 8 of its levels.

You collected 335 gold pieces.
You spent 232 gold pieces at shops.

Inventory:

Hand Weapons
 a - a +0 trident of electrocution
 n - a +0 scythe
 s - a +2 long sword of holy wrath
 v - a +2 dagger of flaming
 K - a +4 spear of protection (weapon)
Missiles
 d - 3 throwing nets (quivered)
 e - a javelin
Armour
 b - a +1 leather armour
 c - a +0 helmet
 g - a +0 leather armour
 i - a +1 ring mail
 l - the +1 buckler of Vexation (worn) {Int-4 Dex+8}
   (You acquired it on level 2 of the Dungeon)

   Int-4:     It affects your intelligence (-4).
   Dex+8:     It affects your dexterity (+8).
 o - a +0 robe
 p - a +0 scale mail
 x - a +0 helmet
 I - a +0 chain mail
 M - a +0 plate armour (melded)
Magical Staves
 m - a staff of air
Jewellery
 f - a ring of magical power
 u - a ring of protection from cold (left branch)
 w - a +6 ring of strength (right branch)
 L - an amulet of faith (around neck)
Talismans
 F - a blade talisman
Wands
 t - a wand of digging (7)
 y - a wand of polymorph (2)
 D - a wand of paralysis (9)
Scrolls
 h - a scroll of fog
 j - 2 scrolls of poison
 z - 2 scrolls of teleportation
 C - a scroll of amnesia
 E - a scroll of vulnerability
 G - a scroll of brand weapon
Potions
 q - a potion of degeneration


   Skills:
 + Level 5.1 Fighting
 + Level 9.1 Polearms
 + Level 1.8 Throwing
 + Level 5.9 Armour
 + Level 4.1 Dodging
 + Level 1.3 Stealth
 + Level 6.1 Shields
 + Level 2.6 Evocations


You had 9 spell levels left.
You didn't know any spells.
Your spell library contained the following spells:

 Spells                   Type           Power      Damage    Failure   Level
 Kiss of Death            Conj/Necr      0%         2d5       54%         1
 Slow                     Hex            0%         N/A       54%         1
 Ensorcelled Hibernation  Hex/Ice        0%         N/A       67%         2
 Mercury Vapours          Alch/Air       0%         N/A       67%         2
 Sublimation of Blood     Necr           0%         N/A       67%         2
 Confusing Touch          Hex            0%         N/A       88%         3
 Fugue of the Fallen      Necr           0%         N/A       88%         3
 Gell's Gravitas          Tloc           0%         N/A       88%         3
 Mephitic Cloud           Conj/Alch/Air  0%         N/A       88%         3
 Sigil of Binding         Hex            0%         N/A       88%         3
 Stone Arrow              Conj/Erth      0%         3d7       88%         3
 Teleport Other           Tloc           0%         N/A       88%         3
 Vampiric Draining        Necr           0%         2d6       88%         3
 Anguish                  Hex/Necr       0%         N/A       99%         4
 Petrify                  Alch/Erth      0%         N/A       99%         4
 Freezing Cloud           Conj/Ice/Air   0%         6-21      100%        5
 Irradiate                Conj/Alch      0%         3d11      100%        5
 Conjure Ball Lightning   Conj/Air       0%         3x3d6     100%        6
 Dispersal                Tloc           0%         N/A       100%        6
 Lehudib's Crystal Spear  Conj/Erth      0%         10d2      100%        8
 Animate Armour           Summ/Erth      Unusable   N/A       N/A         4
 Summon Mana Viper        Hex/Summ       Unusable   N/A       N/A         5

Dungeon Overview and Level Annotations

Branches:
Dungeon (8/15)             Temple (0/1) D:5            Lair (0/5) D:8

Altars:
Dithmenos
Gozag
Nemelex Xobeh
Okawaru
Uskayaw
Yredelemnul

Shops:
D:8 *

Annotations:
D:8 Jeremiah


Innate Abilities, Weirdness & Mutations

You are a tree.
Your roots penetrate the ground, keeping you stationary.
You cannot be teleported.
You are immune to unholy pain and torment.
Your maximum health is greatly increased.
Your equipment is partially melded.
((You have a pair of large antennae on your head. (SInv)))
((You are completely covered in molten scales. (AC +4, rF+)))
A meltable icy envelope protects you from harm. (AC +4)
A meltable shield of frost defends you. (SH +4)
((Your system is resistant to poisons. (rPois)))
((You are vulnerable to cold. (rC-)))


Message History

* * * LOW HITPOINT WARNING * * *
You turn into a tree.
Your +0 plate armour melds into your body.
Your roots penetrate the ground.
The butterfly disappears in a burst of colours!
You cannot teleport because you are held in place by your roots.
Unknown command.
Okay, then.
Okay, then.
It was a potion of enlightenment.
Your roots keep you in place.
Unknown command.
You cannot move.
You cannot move.
Reach: K) +4 spear (protect)
Press: ? - help, Dir - move target You reach to attack!
You attack empty space.
Unknown command.
Unknown command.
Reach: K) +4 spear (protect)
Press: ? - help, Dir - move target You reach to attack!
You attack empty space.
Reach: K) +4 spear (protect)
Press: ? - help, Dir - move target You reach to attack!
You attack empty space.
Your enlightenment fades.
What are your orders? t - Creak!
Orders for allies: a - Attack new target. r - Retreat! s - Stop attacking. g - Guard the area. f - Follow me.
Anything else - Cancel.
Okay, then.
Okay, then.
You cannot move.
Setting a skill training target for Throwing at 16.0.
There are no items here.
Jeremiah shouts, "O dreadful one, destroy my foe!"
Something smites you!
You die...
Jeremiah says, "O terrible one, your will is done."

+.........
#........#
#........##
.......... #{#
#....#
######b###.....
##............##
####.............##
#
#.♣..............##
#.{
#.###.###..#####+#
#..##.#§...§#.##
#{....#§...§#..#
#..bb.#§.∩.§#..#
#####.#§...§#..#
#b#§§§§§#..#
{#bF#######..#
....bb.b.....#


You could see Jeremiah.

Vanquished Creatures
  A two-headed ogre (D:7)
  A cyclops (D:6)
  Grinder (D:6)
  Sigmund (D:2)
  Grum (D:8)
  An acid dragon (D:8)
  2 water moccasins
  2 orc warriors
  2 black bears
  5 wolves (D:8)
  3 ice beasts
  An ogre (D:4)
  A centaur (D:4)
  2 phantoms
  2 kobold brigands (D:7)
  A bullfrog (D:7)
  3 scorpions
  3 wights (D:7)
  4 howler monkeys
  A hound (D:4)
  2 jellies
  A gnoll bouda (D:7)
  5 orc priests
  4 iguanas
  5 orc wizards
  2 sleepcaps
  Terence (D:2)
  7 gnolls
  7 adders
  A white imp (D:6)
  3 dart slugs
  2 ribbon worms
  23 orcs
  2 ball pythons
  8 endoplasms
  3 giant cockroaches
  5 goblins
  6 hobgoblins
  10 jackals
  4 quokkas
  4 bats
  3 frilled lizards
  13 kobolds
  3 rats
162 creatures vanquished.

Notes
Turn   | Place    | Note
-------+----------+-------------------------------------------
     0 | D:1      | Asfel the Demonspawn Gladiator began the quest for the Orb.
     0 | D:1      | Reached XP level 1. HP: 16/16 MP: 1/1
    83 | D:1      | Gained mutation: You are partially covered in molten
                  | scales. (AC +2) [demonic ancestry]
    83 | D:1      | Reached XP level 2. HP: 22/22 MP: 2/2
    89 | D:1      | Reached skill level 3 in Polearms
   522 | D:1      | Gained mutation: You have a pair of small antennae on your
                  | head. [demonic ancestry]
   522 | D:1      | Reached XP level 3. HP: 28/28 MP: 3/3
  1050 | D:2      | Noticed Sigmund
  1915 | D:2      | Killed Sigmund
  1916 | D:2      | Reached skill level 4 in Polearms
  1916 | D:2      | Reached skill level 1 in Armour
  1916 | D:2      | Gained mutation: You have a pair of antennae on your head.
                  | [demonic ancestry]
  1916 | D:2      | Reached XP level 4. HP: 13/34 MP: 4/4
  1916 | D:2      | Gained mutation: You are mostly covered in molten scales.
                  | (AC +3) [demonic ancestry]
  1916 | D:2      | Reached XP level 5. HP: 15/39 MP: 5/5
  1922 | D:2      | Identified a scroll of acquirement
  1927 | D:2      | Acquired the +1 buckler of Vexation {Int-4 Dex+8}
  2126 | D:2      | Noticed Terence
  2141 | D:2      | Killed Terence
  2548 | D:3      | Gained mutation: A meltable shield of frost defends you.
                  | (SH +4) [demonic ancestry]
  2548 | D:3      | Reached XP level 6. HP: 46/46 MP: 6/6
  2571 | D:3      | Reached skill level 5 in Polearms
  2893 | D:3      | Found a shadowy altar of Dithmenos.
  2945 | D:3      | Found an iron altar of Okawaru.
  3003 | D:3      | Became a worshipper of Warmaster Okawaru
  3112 | D:3      | Found a hide-covered altar of Uskayaw.
  3392 | D:4      | Reached skill level 1 in Shields
  3392 | D:4      | Reached XP level 7. HP: 45/52 MP: 7/7
  3571 | D:4      | Reached skill level 6 in Polearms
  3846 | D:4      | Found a basalt altar of Yredelemnul.
  3848 | D:4      | Noticed a profane servitor
  3885 | D:4      | Noticed an angel
  3951 | D:4      | Identified the +11 spear "Noyro" {venom, rF+ Str+5 Dex+4}
  4087 | D:4      | Reached * piety under Okawaru
  4216 | D:5      | Entered Level 5 of the Dungeon
  4430 | D:5      | Found a staircase to the Ecumenical Temple.
  5245 | D:6      | Noticed a cyclops
  5247 | D:6      | Gained mutation: A meltable icy envelope protects you from
                  | harm. (AC +4) [demonic ancestry]
  5247 | D:6      | Reached XP level 8. HP: 53/58 MP: 8/8
  5421 | D:6      | Reached skill level 7 in Polearms
  5421 | D:6      | Reached skill level 1 in Stealth
  5426 | D:6      | Found a sparkling altar of Nemelex Xobeh.
  5452 | D:6      | Killed a cyclops
  5452 | D:6      | Reached ** piety under Okawaru
  5453 | D:6      | Reached skill level 1 in Evocations
  5672 | D:6      | Noticed Grinder
  5682 | D:6      | Killed Grinder
  5809 | D:6      | Gained mutation: You are completely covered in molten
                  | scales. (AC +4, rF+) [demonic ancestry]
  5809 | D:6      | Reached XP level 9. HP: 53/65 MP: 9/9
  5954 | D:6      | Got the Directory of Energy and the Band
  6082 | D:6      | Found an opulent altar of Gozag.
  6239 | D:7      | Reached *** piety under Okawaru
  6246 | D:7      | Reached skill level 8 in Polearms
  6651 | D:7      | Reached skill level 5 in Shields
  6998 | D:7      | Noticed a two-headed ogre
  7012 | D:7      | Killed a two-headed ogre
  7012 | D:7      | Reached **** piety under Okawaru
  7013 | D:7      | Reached skill level 5 in Armour
  7551 | D:8      | Found a staircase to the Lair.
  7554 | D:8      | Gained mutation: You have a pair of large antennae on your
                  | head. (SInv) [demonic ancestry]
  7554 | D:8      | Reached XP level 10. HP: 71/71 MP: 10/10
  7555 | D:8      | Reached skill level 9 in Polearms
  7575 | D:8      | Noticed Grum
  7597 | D:8      | Reached skill level 5 in Fighting
  7610 | D:8      | Killed Grum
  7628 | D:8      | Found Haliceapp's Changing Room.
  7637 | D:8      | Noticed Jeremiah
  7641 | D:8      | Bought a potion of mutation for 112 gold pieces
  7641 | D:8      | Bought a potion of lignification for 42 gold pieces
  7641 | D:8      | Bought a wand of polymorph (4) for 78 gold pieces
  7651 | D:8      | Gained mutation: You are vulnerable to cold. (rC-) [potion
                  | of mutation]
  7651 | D:8      | Gained mutation: Your system is resistant to poisons.
                  | (rPois) [potion of mutation]
  7695 | D:8      | Killed from afar by Jeremiah

Illustrated notes

Levels and vault maps discovered:
D:1:      minmay_arrival_stair_chambers, layout_basic
D:2:      wander_river, layout_rooms, serial_forest, infiniplex_forest_3_way,
          infiniplex_forest_clump_cross, infiniplex_forest_end_1,
          infiniplex_forest_corner_1, infiniplex_forest_clump_long,
          infiniplex_forest_zigzag_1, infiniplex_forest_corner_1, uniq_terence,
          uniq_sigmund
D:3:      layout_rooms, nicolae_uskayaw_dance_hall,
          mainiacjoe_overflow_divided_tiny
D:4:      layout_loops_ring, grunt_temple_overflow_holy_war,
          hangedman_decor_points
D:5:      layout_basic, minmay_temple_entry_hall
D:6:      layout_rooms, grunt_temple_overflow_gold_and_silver,
          mainiacjoe_overflow_small_starburst, minivault_24, bh_walls_and_bars,
          uniq_grinder
D:7:      layout_basic
D:8:      layout_gridville, mainiacjoe_overflow_brackets,
          erik_lair_orcish_takeover, grunt_decor_mini_mirrors,
          nicolae_transmutations_shop, minmay_misc_feat_five, uniq_jeremiah,
          uniq_grum

Skill      XL: |  1  2  3  4  5  6  7  8  9 10 |
---------------+-------------------------------+-----
Polearms       | 3 4 5 6 7 8 9 |  9.1
Dodging        | 3 4 |  4.1
Armour         | 1 2 4 5 |  5.9
Fighting       | 3 4 5 |  5.1
Shields        | 1 2 4 5 6 |  6.1
Stealth        | 1 |  1.3
Evocations     | 1 2 |  2.6
Throwing       | |  1.8

Action                     |  1- 3 |  4- 6 |  7- 9 | 10-12 || total
---------------------------+-------+-------+-------+-------++-------
  Melee: Trident           |   406 |   200 |   194 |       ||   800
         Staff             |     1 |       |       |       ||     1
         Spear             |       |       |   154 |    42 ||   196
  Evoke: Wand              |     3 |     2 |    16 |     7 ||    28
    Use: Scroll            |     6 |     7 |    11 |       ||    24
         Potion            |       |       |     5 |     5 ||    10
   Stab: Sleeping          |       |     1 |       |       ||     1
 Armour: Leather armour    |    46 |       |       |       ||    46
         Ring mail         |    12 |    47 |    12 |       ||    71
         Chain mail        |       |       |   114 |       ||   114
         Plate armour      |       |       |     7 |    27 ||    34
  Dodge: Dodged            |    54 |    75 |    91 |    14 ||   234
  Block: Buckler           |       |    70 |   161 |    35 ||   266

Table legend: (Time is in decaauts)
 A = Elapsed time spent in this place.
 B = Non-inter-level travel time spent in this place.
 C = Inter-level travel time spent in this place.
 D = Time resting spent in this place.
 E = Time spent auto-exploring this place.
 F = Levels seen in this place.
 G = Mean time per level.
                   A        B        C        D        E       F      G
               +--------+--------+--------+--------+--------+-----+--------+
         Total |   7726 |   7488 |    238 |      0 |   4265 |   8 |  965.8 |
       Dungeon |   7726 |   7488 |    238 |      0 |   4265 |   8 |  965.8 |
               +--------+--------+--------+--------+--------+-----+--------+

Top non-repeatable levels by time:
     D:2: 1341 daAuts
     D:7: 1269 daAuts
     D:1: 1242 daAuts
     D:5: 1182 daAuts
     D:4: 969 daAuts
     D:6: 835 daAuts
     D:3: 757 daAuts
     D:8: 127 daAuts
